Map: King's Cove LE

Players

pHARM

  • Race: Zerg Zerg
  • League: Platinum
  • Spawn Location: 11:00

JohnnyGlass - Winner!

  • Race: Protoss Protoss
  • League: Platinum
  • Spawn Location: 5:00

VOD

Have the link to the VOD?

Description

Time

  • Played on: Aug. 4, 2019, 10:49 p.m.
  • Length: 10:01
Show
View Real Time Build Order
Export as new Build Order

pHARM Zerg 

Build Orders: Hatch First 

Get SALT Encoding   

  12  0:01  Drone  
  13  0:13  Overlord  
  13  0:21  Drone  
  14  0:32  Drone x2  
  16  0:43  Drone  
  17  0:55  Hatchery  
  16  1:01  Drone  
  16  1:02  Drone  
  18  1:08  Drone  
  19  1:22  Drone, Spawning Pool  
  19  1:34  Drone  
  20  1:45  Extractor  
  19  1:47  Drone  
  20  2:08  Queen x2  
  20  2:11  Drone x3  
  27  2:22  Overlord  
  27  2:26  Drone  
  28  2:41  Drone x4  
  32  2:45  Zergling x2  
  33  2:58  Lair  
  33  3:02  Queen  
  35  3:08  Overlord  
  35  3:09  Drone  
  36  3:21  Evolution Chamber  
  35  3:39  Drone x9  
  44  3:46  Overlord x2  
  44  4:06  Roach Warren  
  43  4:12  Extractor  
  43  4:15  Drone x6, Extractor  
  43  4:16  Drone x3  
  50  4:26  Evolution Chamber  
  49  4:33  Overlord  
  49  4:34  Drone  
  50  4:44  Overlord  
  50  4:48  Glial Reconstitution  
  50  4:50  Zerg Missile Weapons Level 1  
  50  4:56  Roach x3  
  50  4:59  Roach x2  
  64  5:00  Roach x2  
  64  5:03  Hatchery  
  63  5:16  Roach x5  
  63  5:18  Spine Crawler  
  71  5:25  Overlord  
  71  5:28  Zerg Ground Armor Level 1  
  71  5:35  Overlord x2  
  71  5:43  Roach x2  
  71  5:47  Overlord  
  75  5:53  Roach x3  
  81  6:00  Roach  
  81  6:01  Roach x4  
  91  6:14  Roach x5  
  95  6:22  Roach x2  
  87  6:36  Roach x6  
  97  6:53  Roach x3  
  93  7:01  Roach  
  93  7:02  Roach x2  
  99  7:15  Zerg Missile Weapons Level 2  
  99  7:19  Overlord x2  
  97  7:33  Queen  
  99  7:51  Hatchery  
  98  8:13  Hydralisk Den  
  55  8:45  Roach x2  
  55  8:46  Roach x20  
  89  9:10  Hydralisk  
  89  9:11  Hydralisk x3  
  89  9:13  Overlord x3  
  97  9:21  Hydralisk x2  
  79  9:38  Roach  
  79  9:39  Roach x4  
Show
View Real Time Build Order
Export as new Build Order

JohnnyGlass Protoss - Winner!

Build Orders: 1 Gate Expand 

Get SALT Encoding   

  12  0:05  Probe  
  13  0:17  Probe  
  13  0:20  Pylon  
  14  0:34  Probe  
  15  0:35  Pylon  
  15  0:49  Probe  
  16  0:57  Probe  
  16  0:58  Gateway  
  17  1:07  Assimilator  
  17  1:08  Probe  
  18  1:24  Probe  
  19  1:40  Probe  
  19  1:43  Nexus  
  20  1:48  Cybernetics Core  
  20  1:57  Probe  
  20  2:00  Assimilator  
  21  2:15  Probe  
  21  2:21  Pylon  
  22  2:24  Probe  
  23  2:31  Stalker  
  23  2:35  Warp Gate  
  26  2:51  Probe  
  26  2:58  Robotics Facility  
  26  3:01  Stalker  
  26  3:03  Probe  
  26  3:04  Gateway  
  29  3:11  Probe  
  29  3:14  Pylon  
  29  3:15  Probe  
  29  3:19  Probe  
  31  3:29  Probe  
  31  3:30  Sentry  
  31  3:31  Probe  
  31  3:32  Gateway  
  33  3:34  Pylon  
  35  3:48  Probe x2  
  37  3:55  Immortal, Pylon  
  37  4:00  Probe x2  
  43  4:12  Probe  
  43  4:16  Probe  
  45  4:22  Pylon  
  45  4:24  Probe  
  45  4:26  Sentry x2  
  45  4:28  Probe  
  51  4:31  Warp Prism  
  51  4:36  Probe  
  54  4:40  Probe  
  54  4:42  Sentry  
  57  4:50  Zealot  
  59  4:55  Gateway  
  59  4:56  Gateway  
  59  4:59  Pylon  
  59  5:00  Immortal  
  59  5:10  Zealot x2  
  67  5:28  Zealot  
  69  5:38  Stalker x2  
  73  5:48  Pylon  
  73  5:49  Pylon  
  73  5:51  Stalker x3  
  73  5:52  Pylon  
  77  6:17  Stalker x3  
  77  6:18  Stalker  
  67  6:42  Sentry  
  67  6:44  Zealot x2  
  67  6:45  Zealot x2  
  65  6:59  Immortal  
  65  7:37  Stalker  
  65  7:38  Stalker x2, Immortal  
  65  7:41  Assimilator  
  65  7:42  Assimilator  
  75  7:53  Forge, Gateway x2  
  75  7:55  Nexus, Gateway  
  75  7:57  Sentry, Pylon  
  75  7:58  Pylon, Gateway x2  
  77  8:02  Pylon  
  77  8:06  Pylon  
  77  8:15  Zealot x4  
  69  8:39  Stalker x5  
  75  8:49  Stalker x3  
  81  9:01  Zealot x2  
  67  9:44  Stalker x6  
  65  10:01  Zealot  
Tags
 
Add a new tag
Caveats
  • Supply blocks, unpowered buildings, or Contaminate may cause inaccurate times.
  • Supply counts are checked every 10 seconds.